 Dungeon Crawl Stone Soup version 0.31-a0-187-gba352fbbf7 (webtiles) character file.

Game seed: 7153476124735655837

22 qw the Shooter (level 2, 0/16 HPs)
             Began as a Deep Elf Hunter on June 22, 2023.
             Slain by a gnoll
             ... wielding a +0 whip
              (5 damage)
             ... on level 1 of the Dungeon.
             The game lasted 00:00:19 (1137 turns).

qw the Shooter (Deep Elf Hunter)                    Turns: 1137, Time: 00:00:19

Health: 0/16       AC:  5    Str:  8    XL:     2   Next: 68%
Magic:  4/4        EV: 10    Int: 13    God:
Gold:   999        SH:  0    Dex: 18    Spells: 1/1 levels left

rFire   . . .        Y - +4 shortbow (flame)
rCold   . . .        (shield currently unavailable)
rNeg    . . .        i - +0 ring mail
rPois   .            (no helmet)
rElec   .            (no cloak)
rCorr   +            (no gloves)
SInv    .            (no boots)
Will    .....        (no amulet)
Stlth   +            m - ring of resist corrosion
HPRegen 0.22/turn    (no ring)
MPRegen 0.09/turn

%: no passive effects
@: no status effects
A: no striking features
a: no special abilities


You were on level 1 of the Dungeon.
You visited 1 branch of the dungeon, and saw 2 of its levels.

You collected 999 gold pieces.


   Skills:
 - Level 1.5 Fighting
 + Level 6.4 Ranged Weapons
 - Level 2.4 Dodging
 - Level 1.2 Stealth


You had one spell level left.
You didn't know any spells.
Your spell library was empty.

Inventory:

Hand Weapons
 Y - a +4 shortbow of flaming (weapon)
Armour
 i - a +0 ring mail (worn)
Jewellery
 a - the ring of the King {rCorr MP+9}
   (You acquired it on level 1 of the Dungeon)

   [ring of magical power]

   MP:        It affects your magic capacity (+9).
   rCorr:     It protects you from acid and corrosion.
 m - a ring of resist corrosion (left hand)
Potions
 j - a potion of might {unknown}
 n - a potion of brilliance {unknown}

Dungeon Overview and Level Annotations

Branches:
Dungeon (2/15)

Altars:


Message History

You see here 3 poisoned darts.
There is a stone staircase leading down here.
You climb downwards.
There is a stone staircase leading up here.
There are monsters nearby!
Waypoint 1 assigned to D:2.
You shoot an arrow. The arrow hits the kobold!
The arrow burns the kobold.
You kill the kobold!
You shoot an arrow. The arrow barely misses the bat.
The gnoll shouts!
You hear a shout!
A bat comes into view.
The bat hits you.
A gnoll comes into view. It is wielding a +0 club.
A gnoll comes into view. It is wielding a +0 whip.
You shoot an arrow. The gnoll shouts!
The arrow hits the bat!
The arrow burns the bat.
You kill the bat!
The gnoll throws a throwing net.
The throwing net barely misses you.
A gnoll comes into view. It is wielding a +3 halberd.
You shoot an arrow. The arrow closely misses the bat.
The bat barely misses you.
A dart slug comes into view.
An endoplasm comes into view.
You shoot an arrow. The arrow barely misses the bat.
The endoplasm quivers.
The bat hits you but does no damage.
A hobgoblin comes into view.
You shoot an arrow. The arrow closely misses the bat.
The bat closely misses you.
You shoot an arrow. The arrow hits the gnoll.
The arrow burns the gnoll.
The gnoll is moderately wounded.
The bat hits you but does no damage. The gnoll hits you with a +0 whip.
1135 ||| STAIRDANCE The gnoll hits you with a +0 whip.
You climb upwards.
There is a stone staircase leading down here.
You shoot an arrow. The arrow hits the gnoll.
The arrow burns the gnoll.
The gnoll is severely wounded.
The gnoll hits you with a +0 whip. x2
You die...

.#....# #.# ##.########....
.#....# #.########.#........##.
.#....# #..........#(######.##.
.###'#################.#.?.##.##.
.# #.............#####.#.#.##.##.
.# #############.#####.#.#.##.##.
.# #.........#.#....##. .#
#..g......########## .#
##.>@................
.############.........###########
......................###########
.........####.........#
.........# #.........# .........#
#.........######### .........#
#.##'######.......# .........#
#.##.# #.......# .........#
#.##.# #.......#


You could see a gnoll.

Vanquished Creatures
  2 dart slugs (D:1)
  2 endoplasms (D:1)
  A giant cockroach (D:1)
  A quokka (D:1)
  3 ball pythons (D:1)
  A bat (D:2)
  2 frilled lizards (D:1)
  A goblin (D:1)
  4 kobolds
  2 rats (D:1)
19 creatures vanquished.

Notes
Turn   | Place    | Note
-------+----------+-------------------------------------------
     0 | D:1      | qw the Deep Elf Hunter began the quest for the Orb.
     0 | D:1      | Reached XP level 1. HP: 12/12 MP: 3/3
     0 | D:1      | 0 ||| qw: Version: 0.3-a-9-g12657ce
     0 | D:1      | 0 ||| qw: Game counter: 1945
     0 | D:1      | 0 ||| qw: Always use a shield: true
     0 | D:1      | 0 ||| qw: God list: Okawaru
     0 | D:1      | 0 ||| qw: Allow faded altars: false
     0 | D:1      | 0 ||| qw: Do Orc after D:15 true
     0 | D:1      | 0 ||| qw: Do second Lair branch before Depths: true
     0 | D:1      | 0 ||| qw: Lair rune preference: random
     0 | D:1      | 0 ||| qw: Plans: Normal
     0 | D:1      | 0 ||| PLANNING D:1-11
    48 | D:1      | Reached skill level 6 in Ranged Weapons
    48 | D:1      | Reached XP level 2. HP: 16/16 MP: 4/4
   977 | D:1      | 977 ||| UPGRADING to +0 ring mail.
   987 | D:1      | 987 ||| DROPPING +0 leather armour.
   988 | D:1      | 988 ||| UPGRADING to ring of resist corrosion.
   989 | D:1      | 989 ||| READING scroll labelled JOCO PIOPLI.
   990 | D:1      | 990 ||| READING 3 scrolls labelled CEETAO HAENGES.
   990 | D:1      | Identified 3 scrolls of acquirement
   990 | D:1      | 990 ||| ACQUIRING 926 gold pieces
   990 | D:1      | Acquired 926 gold pieces
   991 | D:1      | 991 ||| READING 2 scrolls of acquirement.
   991 | D:1      | 991 ||| ACQUIRING +4 shortbow of flaming
   991 | D:1      | Acquired a +4 shortbow of flaming
   992 | D:1      | 992 ||| READING scroll of acquirement.
   992 | D:1      | 992 ||| ACQUIRING ring of the King {rCorr MP+9}
   992 | D:1      | Acquired the ring of the King {rCorr MP+9}
   994 | D:1      | 994 ||| SWAPPING to +4 shortbow of flaming.
   995 | D:1      | 995 ||| DROPPING +0 shortbow.
   996 | D:1      | 996 ||| READING scroll labelled RIFIOT ILAIMI.
   997 | D:1      | 997 ||| READING scroll labelled IZUSEG TOWN.
  1098 | D:1      | 1098 ||| READING scroll labelled ZABOG PITUL.
  1099 | D:1      | 1099 ||| READING scroll labelled UKHLON HIUNNAFU.
  1100 | D:1      | 1100 ||| READING scroll labelled OVVOCRIOM.
  1101 | D:1      | 1101 ||| DROPPING scroll of butterflies.
  1135 | D:2      | 1135 ||| STAIRDANCE
  1137 | D:1      | Slain by a gnoll

Levels and vault maps discovered:
D:1:      dpeg_arrival_tiny_a, layout_basic
D:2:      layout_loops_ring, minmay_shallow_snake_nest

Skill      XL: |  1 |
---------------+----+-----
Ranged Weapons | 6 |  6.4
Fighting       | |  1.5
Dodging        | |  2.4
Stealth        | |  1.2

Action                     || total
---------------------------++-------
   Fire: Shortbow          ||    42
    Use: Scroll            ||     9
 Armour: Leather armour    ||     1
         Ring mail         ||     2
  Dodge: Dodged            ||    11

Table legend:
 A = Non-vault XP
 B = Vault XP
 C = Vault XP percentage of total XP
 D = Non-vault monster count
 E = Vault monster count
 F = Vault count percentage of total count
                 A         B        C        D         E       F
            +---------+---------+-------+---------+---------+-------
      Total |      32 |       0 |   0.0 |      19 |       0 |   0.0
            +---------+---------+-------+---------+---------+-------
        D:1 |      29 |       0 |   0.0 |      17 |       0 |   0.0
        D:2 |       3 |       0 |   0.0 |       2 |       0 |   0.0
            +---------+---------+-------+---------+---------+-------
